 Dungeon Crawl Stone Soup version 0.30-b1-2-g02819fbbbe (webtiles) character file.

Game seed: 4447129294494389191

43 Lolow the Shield-Bearer (level 3, -3/36 HPs)
             Began as a Troll Fighter on May 31, 2023.
             Was a Follower of Cheibriados.
             Slain by Natasha (8 damage)
             ... on level 2 of the Dungeon.
             The game lasted 00:07:56 (1335 turns).

Lolow the Shield-Bearer (Troll Fighter)             Turns: 1335, Time: 00:07:56

Health: -3/36      AC:  4    Str: 28    XL:     3   Next: 37%
Magic:  2/2        EV:  9    Int:  6    God:    Cheibriados [*.....]
Gold:   80         SH:  9    Dex: 11    Spells: 2/2 levels left

rFire   . .          .
                       - Unarmed
rCold   . . .        b - +1 kite shield
rNeg    . . .        a - +0 robe
rPois   .            (helmet restricted)
rElec   .            (no cloak)
rCorr   .            (gloves unavailable)
SInv    .            (boots unavailable)
Will    .....        (no amulet)
Stlth   +            (no ring)
HPRegen 1.06/turn    (no ring)
MPRegen 0.08/turn

%: no passive effects
@: mighty, slowed, very slow
A: large, unfitting armour, claws 3, regeneration 1, shaggy fur 1, tough skin 1
a: Renounce Religion, Bend Time


You were on level 2 of the Dungeon.
You worshipped Cheibriados.
Cheibriados was aware of your devotion.
You visited 1 branch of the dungeon, and saw 3 of its levels.

You collected 80 gold pieces.

Inventory:

Hand Weapons
 g - a +0 whip
Armour
 a - a +0 robe (worn)
 b - a +1 kite shield (worn)
Magical Staves
 l - a staff of poison
Scrolls
 h - a scroll of identify
 j - a scroll of blinking {unknown}
 k - a scroll of amnesia {unknown}
Potions
 d - 3 potions of curing
 e - a potion of lignification
 f - 2 potions of haste
 i - a potion of flight {unknown}


   Skills:
 + Level 2.8 Fighting
 - Level 2.4 Dodging
 + Level 3.1 Shields
 * Level 3.0 Unarmed Combat


You had 2 spell levels left.
You didn't know any spells.
Your spell library contained the following spells:

 Spells                   Type           Power      Damage    Failure   Level
 Tukima's Dance           Hex            0%         N/A       96%         3
 Passage of Golubria      Tloc           0%         N/A       100%        4
 Yara's Violent Unravell  Hex/Tmut       0%         3d3       100%        5


Dungeon Overview and Level Annotations

Branches:
Dungeon (3/15)

Altars:
Cheibriados

Annotations:
D:2 Natasha, Sigmund


Innate Abilities, Weirdness & Mutations

You are too large for most types of armour.
You have claws for hands.
Your natural rate of healing is unusually fast.
You are covered in fur. (AC +1)
You have tough skin. (AC +1)


Message History

Natasha stares at you and mumbles some strange words.
You feel yourself slow down.
Natasha mumbles some strange words.
Natasha casts a spell.
You block the cerulean imp's attack. x2
You scratch the cerulean imp.
The cerulean imp is lightly wounded.
The cerulean imp hits you with a +1 spear.
Natasha barely misses you.
You closely miss Natasha.
The cerulean imp hits you but does no damage.
Natasha stares at you and mumbles some strange words.
You resist with significant effort. You block the cerulean imp's attack.
The cerulean imp hits you with a +1 spear.
You completely miss Natasha. You block Natasha's attack.
The cerulean imp hits you from afar with a +2 spear.
You block the cerulean imp's attack. Natasha claws you!
The cerulean imp hits you from afar with a +2 spear.
The cerulean imp hits you with a +1 spear.
You barely miss Natasha. You block Natasha's attack.
The cerulean imp hits you from afar with a +2 spear.
* * * LOW HITPOINT WARNING * * *
You block the cerulean imp's attack. Natasha barely misses you.
The cerulean imp hits you but does no damage.
You feel very mighty all of a sudden. You block the cerulean imp's attack.
Natasha claws you.
* * * LOW HITPOINT WARNING * * *
The cerulean imp hits you from afar with a +2 spear.
* * * LOW HITPOINT WARNING * * *
The cerulean imp hits you with a +1 spear.
* * * LOW HITPOINT WARNING * * *
Natasha attacks as you move away! Natasha barely misses you.
The cerulean imp barely misses you. Natasha claws you.
* * * LOW HITPOINT WARNING * * *
The cerulean imp hits you but does no damage.
You block the cerulean imp's attack. x2; Natasha closely misses you.
Natasha claws you.
* * * LOW HITPOINT WARNING * * *
You closely miss Natasha. Natasha claws you!
You die...

#.# #.
......##.##
.........####
#............
#...........
#....#....# #
........#
.##.##.#.#.>#
........@...#
#####..h###.#
#.....##...
#......5####.#
#.........# ..
+.........+ ..
#.........# .
##.......##
##.....##


You could see Natasha.

Vanquished Creatures
  2 dart slugs (D:1)
  3 bats
  6 endoplasms
  3 giant cockroaches (D:1)
  5 goblins
  5 hobgoblins
  3 frilled lizards (D:1)
  5 kobolds (D:1)
  A rat (D:1)
33 creatures vanquished.

Notes
Turn   | Place    | Note
-------+----------+-------------------------------------------
     0 | D:1      | Lolow the Troll Fighter began the quest for the Orb.
     0 | D:1      | Reached XP level 1. HP: 22/22 MP: 0/0
   137 | D:1      | Reached XP level 2. HP: 28/29 MP: 1/1
   366 | D:1      | Reached XP level 3. HP: 36/36 MP: 2/2
   653 | D:2      | Noticed Sigmund
   831 | D:2      | Found a faded altar of an unknown god.
   837 | D:2      | Prayed at the altar of an unknown god.
   837 | D:2      | Became a worshipper of Cheibriados the Contemplative
   837 | D:2      | Reached * piety under Cheibriados
  1298 | D:2      | You fall into a shaft and drop 1 floor!
  1325 | D:2      | Noticed Natasha
  1335 | D:2      | Slain by Natasha

Illustrated notes

Levels and vault maps discovered:
D:1:      saegor_arrival_simple_e, layout_loops_ring
D:2:      layout_loops_corners, chequers_ecumenical_altar_simple, uniq_natasha,
          uniq_sigmund
D:3:      layout_rooms, uniq_crazy_yiuf_cottage, uniq_grinder

Skill      XL: |  1  2  3 |
---------------+----------+-----
Shields        | 3 |  3.1
Unarmed Combat | 3 |  3.0
Fighting       | |  2.8
Dodging        | |  2.4

Action                     || total
---------------------------++-------
  Melee: Unarmed           ||    76
    Use: Scroll            ||     5
         Potion            ||     1
 Armour: Robe              ||    23
  Dodge: Dodged            ||    26
  Block: Kite shield       ||    23
